Map: Newkirk Precinct TE (Void)

Players

iaguz

  • Race: Terran Terran
  • Spawn Location: 7:00

TooDming - Winner!

  • Race: Zerg Zerg
  • Spawn Location: 5:00

Event: WCS Austin 2017

VOD

Have the link to the VOD?

Description

Time

  • Played on: April 28, 2017, 8:02 p.m.
  • Length: 9:23

All games in this series

Show
View Real Time Build Order
Export as new Build Order

iaguz Terran 

Build Orders:  

Get SALT Encoding   

  12  0:00  SCV  
  13  0:13  SCV  
  14  0:18  Supply Depot  
  14  0:25  SCV  
  15  0:40  SCV  
  15  0:41  Barracks  
  16  0:46  Refinery  
  16  0:52  SCV  
  17  1:04  SCV  
  18  1:16  SCV  
  19  1:29  Barracks Reactor, Orbital Command  
  19  1:42  Command Center  
  19  1:51  Supply Depot  
  19  1:55  SCV  
  20  2:06  Marine x2  
  20  2:07  SCV  
  23  2:15  Factory  
  23  2:19  Refinery  
  23  2:21  SCV  
  24  2:24  Marine  
  24  2:26  Marine  
  26  2:33  SCV  
  27  2:48  SCV  
  28  2:57  Marine  
  28  2:59  Orbital Command  
  28  3:01  SCV  
  28  3:03  Starport  
  28  3:05  Hellion  
  30  3:08  Hellion  
  32  3:13  SCV  
  33  3:25  SCV x2  
  35  3:30  Hellion x2  
  39  3:37  SCV  
  39  3:40  SCV  
  41  3:42  Medivac  
  41  3:43  Supply Depot  
  43  3:50  Marine  
  43  3:52  Widow Mine  
  46  3:58  Hellion  
  46  3:59  SCV  
  46  4:03  SCV  
  47  4:11  Supply Depot, Marine, SCV  
  47  4:16  SCV  
  50  4:18  Viking  
  52  4:25  SCV  
  52  4:28  SCV  
  57  4:42  Barracks Tech Lab  
  57  4:44  SCV  
  57  4:45  SCV  
  56  4:46  Command Center  
  56  4:53  Supply Depot  
  56  4:54  Supply Depot  
  56  4:58  SCV  
  56  4:59  SCV  
  58  5:01  Marine  
  59  5:07  Barracks  
  59  5:10  Barracks  
  59  5:12  SCV x2  
  61  5:16  Factory Reactor, Starport Reactor  
  61  5:24  SCV x2  
  59  5:32  Marauder  
  53  5:36  SCV x2  
  55  5:48  SCV x2  
  57  5:53  Supply Depot, Marauder  
  59  6:00  SCV x2  
  57  6:06  Marine x2  
  57  6:07  Marine  
  57  6:10  Medivac  
  54  6:12  SCV  
  54  6:14  Marauder  
  49  6:18  Medivac  
  49  6:22  SCV  
  49  6:24  Marine x2  
  49  6:25  Marine  
  51  6:26  SCV  
  52  6:38  SCV  
  47  6:42  SCV  
  47  6:43  Marine  
  47  6:44  SCV  
  37  6:49  Marine  
  37  6:51  SCV  
  35  6:54  SCV  
  35  6:56  Orbital Command  
  32  7:02  Barracks Tech Lab  
  32  7:03  SCV  
  32  7:05  Viking  
  33  7:09  Barracks Tech Lab  
  33  7:12  SCV  
  33  7:15  SCV  
  35  7:16  Marine x2  
  38  7:22  SCV  
  38  7:24  Marine, SCV  
  38  7:26  Factory Tech Lab  
  38  7:27  SCV  
  38  7:29  Marine  
  42  7:37  Starport Reactor  
  42  7:40  Supply Depot  
  42  7:41  SCV x2  
  42  7:42  SCV  
  41  7:53  Siege Tank, Marine x3, SCV x2  
  41  7:54  Marine  
  50  8:01  Engineering Bay  
  50  8:06  SCV  
  50  8:09  SCV  
  50  8:10  SCV  
  50  8:11  Engineering Bay  
  53  8:18  SCV  
  54  8:21  SCV  
  54  8:26  Barracks, SCV  
  56  8:29  Barracks  
  56  8:33  Marine x2  
  58  8:34  Starport Reactor  
  58  8:40  Siege Tank  
  58  8:41  Marine  
  59  8:53  Marine x3  
  62  8:58  Marine  
  62  9:01  Supply Depot x2, SCV x2  
  66  9:02  SCV  
  66  9:04  Refinery  
  66  9:06  Refinery  
Show
View Real Time Build Order
Export as new Build Order

TooDming Zerg - Winner!

Build Orders: Hatch First, Muta Ling Bane 

Get SALT Encoding   

  12  0:00  Drone  
  13  0:13  Overlord  
  13  0:17  Drone  
  14  0:32  Drone x2  
  14  0:35  Drone  
  17  0:53  Hatchery  
  17  0:56  Drone  
  17  1:00  Drone  
  18  1:12  Extractor  
  18  1:16  Spawning Pool  
  16  1:19  Drone  
  16  1:23  Drone  
  18  1:30  Drone  
  19  1:40  Overlord  
  19  2:02  Zergling x2  
  19  2:03  Queen, Zergling x2  
  19  2:04  Queen  
  19  2:05  Zergling x2  
  26  2:15  Metabolic Boost  
  26  2:18  Drone x2  
  28  2:36  Hatchery  
  27  2:40  Drone  
  27  2:41  Drone  
  29  2:48  Drone  
  30  2:55  Overlord  
  30  2:56  Zergling x2  
  30  2:57  Zergling x4  
  32  3:05  Zergling x2  
  33  3:10  Queen  
  35  3:17  Drone x3  
  35  3:18  Drone  
  39  3:20  Drone  
  39  3:29  Drone x2  
  39  3:30  Drone  
  39  3:33  Drone x2  
  43  3:41  Roach Warren  
  42  3:44  Overlord  
  42  3:51  Drone x4  
  45  4:02  Queen  
  44  4:03  Queen  
  44  4:06  Overlord  
  46  4:19  Overlord  
  46  4:20  Roach  
  46  4:21  Roach x3  
  46  4:22  Roach  
  56  4:30  Roach x2  
  56  4:31  Roach  
  62  4:34  Roach  
  62  4:37  Overlord  
  64  4:40  Extractor  
  63  4:47  Overlord  
  63  4:48  Drone  
  63  4:49  Drone  
  63  4:52  Spore Crawler  
  64  4:56  Zergling x4  
  64  4:57  Zergling x4  
  64  4:58  Zergling x2  
  69  5:05  Drone  
  70  5:10  Drone x2  
  70  5:11  Drone x2, Evolution Chamber  
  70  5:12  Drone, Evolution Chamber  
  73  5:16  Drone x2  
  73  5:17  Drone  
  76  5:21  Overlord  
  76  5:33  Overlord x2  
  72  5:43  Zerg Melee Weapons Level 1, Zerg Ground Armor Level 1  
  72  5:44  Drone x3  
  72  5:46  Drone  
  72  5:48  Drone x3  
  79  5:51  Drone x2  
  80  5:59  Drone  
  80  6:00  Drone x4  
  85  6:06  Ravager  
  85  6:07  Drone x3  
  85  6:08  Drone x2  
  85  6:09  Ravager  
  92  6:18  Lair  
  89  6:20  Extractor  
  89  6:22  Overlord  
  88  6:25  Drone  
  88  6:26  Drone x3  
  88  6:28  Extractor  
  88  6:29  Drone  
  88  6:30  Drone x4  
  96  6:46  Baneling Nest  
  91  6:49  Drone x7, Extractor x2, Hatchery  
  91  6:50  Drone  
  89  6:56  Zergling x2  
  89  6:57  Zergling x4  
  82  7:06  Zergling x2  
  82  7:07  Zergling x4  
  85  7:17  Zergling x18  
  94  7:23  Spire  
  94  7:27  Pneumatized Carapace  
  94  7:29  Centrifical Hooks  
  93  7:32  Hatchery  
  92  7:37  Zergling x14  
  99  7:55  Zergling x14  
  99  7:57  Overlord x3  
  106  8:05  Overlord x2  
  106  8:25  Drone x15  
  121  8:27  Baneling x5  
  121  8:28  Baneling x3  
  120  8:36  Mutalisk  
  120  8:37  Mutalisk x3  
  120  8:39  Overseer  
  120  8:40  Mutalisk x2  
  132  8:47  Overlord x3  
  131  8:49  Zergling x4  
  131  8:54  Extractor  
  130  8:57  Mutalisk x2  
  130  9:00  Drone  
  130  9:01  Drone x4  
  130  9:02  Drone x4  
  143  9:05  Extractor  
Tags
 
Add a new tag
Caveats
  • Supply blocks, unpowered buildings, or Contaminate may cause inaccurate times.
  • Supply counts are checked every 10 seconds.